 Dungeon Crawl Stone Soup version 0.31-a0-435-g2c6fae2916 (webtiles) character file.

Game seed: 1727994613499481157

287 CraigForest the Shield-Bearer (level 6, -4/48 HPs)
             Began as a Formicid Fighter on Aug 1, 2023.
             Was a Believer of Qazlal.
             Slain by Duvessa
             ... wielding a +1 rapier of venom
              (6 damage)
             ... on level 4 of the Dungeon.
             The game lasted 00:08:08 (2909 turns).

CraigForest the Shield-Bearer (Formicid Fighter)    Turns: 2909, Time: 00:08:09

Health: -4/48      AC:  7    Str: 20 (22) XL:     6   Next: 56%
Magic:  6/6        EV:  8    Int:  6 (8)  God:    Qazlal [**....]
Gold:   163        SH: 12    Dex: 12 (13) Spells: 5/5 levels left

rFire   . . .        a - +0 war axe
rCold   . . .        i - +0 kite shield
rNeg    . . .        b - +0 scale mail
rPois   .            (helmet unavailable)
rElec   .            (no cloak)
rCorr   .            (no gloves)
SInv    +            (no boots)
Will    +....        (no amulet) Stlth
                     (no ring)
HPRegen 0.28/turn    (no ring)
MPRegen 0.10/turn

%: no passive effects
@: brilliant, lethally poisoned (-4 -> -11), enlightened, flying
A: permanent stasis, dig shafts and tunnels, antennae 3, four strong arms
a: Dig, Shaft Self, Renounce Religion, Upheaval


You were on level 4 of the Dungeon.
You worshipped Qazlal.
Qazlal was pleased with you.
You visited 1 branch of the dungeon, and saw 4 of its levels.

You collected 163 gold pieces.

Inventory:

Hand Weapons
 a - a +0 war axe (weapon)
Missiles
 l - a throwing net
Armour
 b - a +0 scale mail (worn)
 c - a +0 buckler
 i - a +0 kite shield (worn)
Magical Staves
 k - a staff of fire
Wands
 d - a wand of flame (24)
Scrolls
 f - 2 scrolls of fog {unknown}
 n - a scroll of teleportation {unknown}
 o - a scroll of amnesia {unknown}
 q - a scroll of poison {unknown}
Potions
 e - 2 potions of enlightenment
 h - a potion of lignification {unknown}
 j - 2 potions of degeneration
 m - a potion of haste {unknown}
 p - a potion of mutation {unknown}


   Skills:
 + Level 4.0 Fighting
 + Level 4.2 Axes
 + Level 4.2 Armour
 * Level 6.1 Shields


You had 5 spell levels left.
You didn't know any spells.
Your spell library contained the following spells:

 Spells                   Type           Power      Damage    Failure   Level
 Shock                    Conj/Air       0%         1d3       97%         1
 Call Canine Familiar     Summ           0%         N/A       100%        3
 Portal Projectile        Hex/Tloc       0%         N/A       100%        3
 Tukima's Dance           Hex            0%         N/A       100%        3
 Airstrike                Air            0%         2d(0-16)  100%        4
 Iskenderun's Mystic Bla  Conj/Tloc      0%         2d3       100%        4
 Leda's Liquefaction      Hex/Erth       0%         N/A       100%        4
 Summon Ice Beast         Ice/Summ       0%         N/A       100%        4
 Summon Mana Viper        Hex/Summ       0%         N/A       100%        5
 Monstrous Menagerie      Summ           0%         N/A       100%        7
 Swiftness                Air            Unusable   N/A       N/A         3

Dungeon Overview and Level Annotations

Branches:
Dungeon (4/15)
 Temple: D:4-7

Altars:
Qazlal

Shops:
D:3 (

Annotations:
D:4 Dowan, Duvessa


Innate Abilities, Weirdness & Mutations

You cannot be hasted, slowed, berserked, paralysed or teleported.
You can dig through walls and to a lower floor.
You have a pair of large antennae on your head. (SInv)
Your four strong arms can wield two-handed weapons with a shield.


Message History

You hit Dowan.
Duvessa hits you with a +1 rapier of venom!
You block Dowan's attack. You block Duvessa's attack.
You hit Duvessa.
Duvessa is moderately wounded.
You hit Dowan.
Duvessa hits you with a +1 rapier of venom.
Dowan smirks and points a slender finger.
Dowan hits you but does no damage.
Duvessa hits you with a +1 rapier of venom.
You are poisoned.
Dowan hits you with a +0 dagger.
You slash Duvessa!
Duvessa is severely wounded.
You barely miss Dowan.
You feel very sick.
Duvessa hits you with a +1 rapier of venom!
You are more poisoned.
Duvessa closely misses you. You block Dowan's attack.
It was a potion of degeneration.
There was something very wrong with that liquid.
You feel weakened.
You feel dopey.
You feel clumsy.
You feel very sick. You block Duvessa's attack.
Dowan hits you with a +0 dagger. You block Duvessa's attack.
It was a potion of enlightenment.
You feel very buoyant.
You fly up into the air.
* * * LOW HITPOINT WARNING * * *
You feel very sick. You block Duvessa's attack.
Dowan gestures at you while chanting. The puff of frost hits you!
* * * LOW HITPOINT WARNING * * *
Unknown command.
It was a potion of brilliance.
You feel clever all of a sudden.
* * * LOW HITPOINT WARNING * * *
You feel sick. You block Duvessa's attack. You block Dowan's attack.
Duvessa hits you with a +1 rapier of venom.
You die...

### # ###.## ########
#.#.#.#.8########.......
......e.......†.#.######
......e@○.#####.#.#####
#.#.#.#.8.............##
# #8#..######.##....
###..# #.###.## #...#
#.# #... ##### #.# #.##
#.# #.## ###.###...
#.........


You could see Duvessa (fast) and Dowan.

Vanquished Creatures
  A scorpion (D:4)
  A hound (D:4)
  2 orc priests (D:3)
  An iguana (D:4)
  A sleepcap (D:4)
  3 adders
  A dart slug (D:2)
  A worm (D:3)
  3 orcs (D:3)
  8 ball pythons
  6 endoplasms
  A giant cockroach (D:1)
  6 goblins
  5 hobgoblins
  3 jackals (D:1)
  5 bats
  3 frilled lizards
  6 kobolds
  6 rats
63 creatures vanquished.

Notes
Turn   | Place    | Note
-------+----------+-------------------------------------------
     0 | D:1      | CraigForest the Formicid Fighter began the quest for the
                  | Orb.
     0 | D:1      | Reached XP level 1. HP: 18/18 MP: 1/1
   125 | D:1      | Reached XP level 2. HP: 24/24 MP: 2/2
   250 | D:1      | Found a faded altar of an unknown god.
   254 | D:1      | Prayed at the altar of an unknown god.
   254 | D:1      | Became a worshipper of Qazlal Stormbringer
   254 | D:1      | Reached * piety under Qazlal
   512 | D:1      | Reached XP level 3. HP: 29/29 MP: 3/3
  1632 | D:2      | Reached ** piety under Qazlal
  1633 | D:2      | Reached XP level 4. HP: 30/36 MP: 4/4
  1691 | D:2      | Identified the +8 chain mail of the Prince of Darkness {rN+
                  | Will- Dex+4}
  1889 | D:3      | Found Sifaus's Antique Weapon Shoppe.
  2016 | D:3      | Reached skill level 5 in Shields
  2016 | D:3      | Reached XP level 5. HP: 11/42 MP: 5/5
  2670 | D:4      | Reached XP level 6. HP: 48/48 MP: 6/6
  2810 | D:4      | Reached skill level 6 in Shields
  2895 | D:4      | Noticed Duvessa
  2897 | D:4      | Noticed Dowan
  2909 | D:4      | HP: 2/48 [poisoned by Duvessa]
  2909 | D:4      | Slain by Duvessa

Illustrated notes

Levels and vault maps discovered:
D:1:      orjb1_lava_funnel, layout_basic,
          shapermc_ecumenical_altar_mp_vishouse, kennysheep_doodads,
          minmay_pentomino_u2
D:2:      layout_loops_ring, minmay_misc_feat_columns, st_stairs_7
D:3:      layout_loops_ring, serial_shops, nicolae_shop_real_fake_doors
D:4:      layout_loops_ring, minitemple, hangedman_abyss_or_decor_stagger,
          roderic_roman_lattice, minmay_manual_mail, uniq_duvessa

Skill      XL: |  1  2  3  4  5  6 |
---------------+-------------------+-----
Axes           | 3 4 |  4.2
Shields        | 5 6 |  6.1
Armour         | 4 |  4.2
Fighting       | 4 |  4.0

Action                     |  1- 3 |  4- 6 || total
---------------------------+-------+-------++-------
  Melee: War axe           |   110 |    93 ||   203
Ability: Dig               |       |     1 ||     1
    Use: Potion            |       |     4 ||     4
 Armour: Scale mail        |    53 |    26 ||    79
  Dodge: Dodged            |    46 |    28 ||    74
  Block: Buckler           |     7 |       ||     7
         Kite shield       |    41 |    61 ||   102

Table legend: (Time is in decaauts)
 A = Elapsed time spent in this place.
 B = Non-inter-level travel time spent in this place.
 C = Inter-level travel time spent in this place.
 D = Time resting spent in this place.
 E = Time spent auto-exploring this place.
 F = Levels seen in this place.
 G = Mean time per level.
                   A        B        C        D        E       F      G
               +--------+--------+--------+--------+--------+-----+--------+
         Total |   2999 |   2783 |    216 |      3 |   2167 |   4 |  749.8 |
       Dungeon |   2999 |   2783 |    216 |      3 |   2167 |   4 |  749.8 |
               +--------+--------+--------+--------+--------+-----+--------+

Top non-repeatable levels by time:
     D:1: 1110 daAuts
     D:2: 682 daAuts
     D:3: 670 daAuts
     D:4: 536 daAuts
